 Dungeon Crawl Stone Soup version 0.30-a0-272-gf98c3da03f (webtiles) character file.

Game seed: 12424604688912758076

12208 Harunobu the Basher (level 11, -1/72 HPs)
             Began as a Gargoyle Monk on Oct 14, 2022.
             Was an Elder of the Shining One.
             Slain by an eight-headed hydra (8 damage)
             ... on level 12 of the Dungeon on Oct 15, 2022.
             The game lasted 00:25:32 (13670 turns).

Harunobu the Basher (Gargoyle Monk)                Turns: 13670, Time: 00:25:33

Health: -1/72      AC: 25    Str: 23    XL:     11   Next: 89%
Magic:  11/11      EV:  7    Int: 11    God:    the Shining One [****..]
Gold:   899        SH:  9    Dex: 12    Spells: 10/10 levels left

rFire   + . .      SeeInvis +    z - +9 mace "Piam Egir" {vorpal, rPois rF+ Str+4}
rCold   . . .      Faith    .    E - +0 kite shield
rNeg    + + +      Spirit   .    Q - +0 plate armour
rPois   ∞          Reflect  .    u - +0 helmet
rElec   +          Harm     .    (no cloak)
rCorr   .          Rampage  .    I - +0 pair of gloves
Will    .....                    H - +0 pair of boots
Stlth   ..........               (no amulet)
HPRegen 0.32/turn                P - ring of positive energy
MPRegen 0.12/turn                B - ring of see invisible

@: about to teleport, glowing
A: sickness immunity, AC +8, negative energy resistance 1, electricity
resistance, torment resistance 1, petrification resistance
a: Renounce Religion, Divine Shield, Cleansing Flame


You were on level 12 of the Dungeon.
You worshipped the Shining One.
The Shining One was greatly pleased with you.
You visited 2 branches of the dungeon, and saw 14 of its levels.

You collected 899 gold pieces.

Inventory:

Hand Weapons
 n - a +1 dagger of flaming
 r - a +2 short sword of draining
 s - a +2 dagger of electrocution
 x - a +3 dagger
 z - the +9 mace "Piam Egir" (weapon) {vorpal, rPois rF+ Str+4}
   (You found it on level 3 of the Dungeon)

   It inflicts extra damage upon your enemies.
   Str:       It affects your strength (+4).
   rF:        It protects you from fire.
   rPois:     It protects you from poison.
 R - a +4 morningstar of protection
Missiles
 A - a throwing net (quivered)
Armour
 u - a +0 helmet (worn)
 E - a +0 kite shield (worn)
 H - a +0 pair of boots (worn)
 I - a +0 pair of gloves (worn)
 Q - a +0 plate armour (worn)
 S - an orb of wrath
Jewellery
 j - an amulet of the acrobat
 p - a ring of positive energy
 y - a ring of wizardry
 B - a ring of see invisible (right hand)
 P - a ring of positive energy (left hand)
Wands
 w - a wand of charming (2)
 J - a wand of roots (12)
 L - a wand of polymorph (15)
Scrolls
 a - 2 scrolls of fear {unknown}
 b - a scroll of summoning {unknown}
 d - 4 scrolls of teleportation
 h - 2 scrolls of noise {unknown}
 k - 4 scrolls of enchant armour {unknown}
 q - 9 scrolls of identify
 t - 3 scrolls of butterflies {unknown}
 v - 2 scrolls of vulnerability {unknown}
 C - 2 scrolls of blinking {unknown}
 D - a scroll of silence {unknown}
 F - 4 scrolls of amnesia {unknown}
 G - 2 scrolls of immolation {unknown}
 K - 2 scrolls of magic mapping {unknown}
 O - a scroll of poison {unknown}
Potions
 c - a potion of ambrosia
 e - 4 potions of haste {unknown}
 f - 7 potions of mutation
 i - 5 potions of curing
 l - 4 potions of resistance {unknown}
 m - 4 potions of degeneration {unknown}
 o - 4 potions of lignification {unknown}
 M - 2 potions of might {unknown}
 N - a potion of cancellation {unknown}
 T - a potion of berserk rage {unknown}
 U - a potion of brilliance {unknown}


   Skills:
 * Level 9.9 Fighting
 * Level 13.0 Maces & Flails
 + Level 8.3 Armour
 + Level 4.8 Dodging
 + Level 4.2 Stealth
 + Level 5.3 Shields


You had 10 spell levels left.
You didn't know any spells.
Your spell library contained the following spells:

 Spells                   Type           Power      Damage    Failure   Level
 Scorch                   Fire           0%         2d5       100%        2
 Flame Wave               Conj/Fire      0%         2d4       100%        4
 Summon Cactus Giant      Summ           0%         N/A       100%        6


Dungeon Overview and Level Annotations

Branches:
Dungeon (13/15)            Temple (1/1) D:6            Lair (0/5) D:11
    Orc: D:9-12      Vaults: D:13-14

Altars:
Ashenzari
Cheibriados
Dithmenos
Elyvilon
Fedhas
Gozag
Hepliaklqana
Kikubaaqudgha
Makhleb
Nemelex Xobeh
Okawaru
Qazlal
Ru
Sif Muna
Trog
Uskayaw
Vehumet
Wu Jian
Xom
Yredelemnul
Zin
The Shining One

Shops:
D:2 :   D:4 (


Innate Abilities, Weirdness & Mutations

You are immune to sickness and miasma.
Your stone body is resilient. (AC +8)
You are immune to poison.
You resist negative energy. (rN+)
You are resistant to electric shocks. (rElec)
You are resistant to unholy torment.
You are immune to petrification.


Message History

The eight-headed hydra bites you but does no damage. x2
The eight-headed hydra attacks as you move away!
The eight-headed hydra bites you but does no damage.
You block the eight-headed hydra's attack.
The eight-headed hydra bites you but does no damage. x3
You block the eight-headed hydra's attack.
The eight-headed hydra bites you but does no damage.
The eight-headed hydra bites you.
There is a stone staircase leading up here.
The eight-headed hydra bites you!
* * * LOW HITPOINT WARNING * * *
The eight-headed hydra bites you but does no damage.
The eight-headed hydra barely misses you.
The eight-headed hydra bites you but does no damage.
The eight-headed hydra closely misses you.
The eight-headed hydra bites you but does no damage.
The eight-headed hydra barely misses you. x2
You climb upwards.
There is a stone staircase leading down here.
You feel better.
The eight-headed hydra barely misses you.
The eight-headed hydra completely misses you.
You block the eight-headed hydra's attack.
The eight-headed hydra bites you but does no damage.
You block the eight-headed hydra's attack.
The eight-headed hydra bites you. x2
* * * LOW HITPOINT WARNING * * *
The eight-headed hydra bites you but does no damage.
As you read the scroll labelled MAEJIE ZU JUQ, it crumbles to dust.
You feel strangely unstable.
It was a scroll of teleportation.
The eight-headed hydra bites you but does no damage.
The eight-headed hydra bites you.
* * * LOW HITPOINT WARNING * * *
The eight-headed hydra bites you but does no damage.
The eight-headed hydra bites you!
* * * LOW HITPOINT WARNING * * *
The eight-headed hydra bites you but does no damage. x2
You block the eight-headed hydra's attack.
The eight-headed hydra bites you!
You die...

# #....# ###...... #
####.## ###).)#.... #..#
###..)###...# ##.###
########...### #...# #...#
#.........## #...#
###.###.####..#.##########
#.....#.....#...........
####....................
##.D@###.#...........
##### #.############ #.#
#... #.# #.## #.#######
#.# #...[...# #.# #######
#######.###.# #.....#
#......# #.....# #..#####


You could see an eight-headed hydra.

Vanquished Creatures
  A two-headed ogre (D:12)
  Pikel (D:5)
  2 ugly things
  3 gargoyles
  An unseen horror (D:12)
  6 trolls
  A hornet (D:10)
  Sigmund (D:6)
  2 wraiths
  2 shadows
  A wyvern (D:8)
  5 yaks
  2 vampires
  2 steam dragons
  12 vampire mosquitoes
  3 acid dragons
  2 black bears (D:7)
  4 orc warriors
  3 sky beasts
  2 ice beasts
  2 ogres
  A phantom (D:5)
  2 centaurs
  4 kobold brigands
  4 bullfrogs
  2 gnoll sergeants
  A scorpion (D:6)
  A necrophage (D:8)
  7 wights
  7 electric eels
  A howler monkey (D:9)
  5 hounds
  A gnoll bouda (D:9)
  3 orc priests
  2 iguanas (D:4)
  15 orc wizards
  Robin (D:2)
  13 gnolls
  5 adders
  2 shadow imps (D:7)
  An ufetubus (D:6)
  2 worms
  4 dart slugs
  32 orcs
  3 bats
  7 endoplasms
  A giant cockroach (D:1)
  11 goblins
  9 hobgoblins
  3 jackals (D:3)
  4 quokkas
  8 ball pythons
  2 frilled lizards
  26 kobolds
  6 rats
  A spectral goblin (D:2)
255 creatures vanquished.

Vanquished Creatures (others)
  11 plants
11 creatures vanquished.

Grand Total: 266 creatures vanquished

Notes
Turn   | Place    | Note
-------+----------+-------------------------------------------
     0 | D:1      | Harunobu the Gargoyle Monk began the quest for the Orb.
     0 | D:1      | Reached XP level 1. HP: 14/14 MP: 1/1
   254 | D:1      | Reached XP level 2. HP: 16/19 MP: 2/2
   737 | D:1      | Reached XP level 3. HP: 24/24 MP: 3/3
  1014 | D:2      | Found Detupus's Vocational Training.
  1093 | D:2      | Reached skill level 4 in Maces & Flails
  1317 | D:2      | Reached XP level 4. HP: 29/29 MP: 4/4
  1564 | D:2      | Noticed Robin
  1603 | D:2      | Killed Robin
  1748 | D:2      | Found a faded altar of an unknown god.
  2218 | D:3      | Reached XP level 5. HP: 21/33 MP: 5/5
  2404 | D:3      | Identified the +9 mace "Piam Egir" {vorpal, rPois rF+
                  | Str+4}
  2708 | D:4      | Reached skill level 1 in Armour
  2916 | D:4      | Noticed a sky beast
  2976 | D:4      | Reached XP level 6. HP: 30/39 MP: 6/6
  3071 | D:4      | Killed a sky beast
  3095 | D:4      | Found a shimmering altar of Xom.
  3239 | D:4      | Reached skill level 5 in Maces & Flails
  3362 | D:4      | Found Feziygg's Weapon Shop.
  4114 | D:5      | Entered Level 5 of the Dungeon
  4172 | D:5      | Reached XP level 7. HP: 42/44 MP: 7/7
  4314 | D:5      | Noticed a steam dragon
  4435 | D:5      | Reached skill level 5 in Fighting
  4629 | D:5      | Killed a steam dragon
  5567 | D:6      | Noticed Pikel
  5569 | D:6      | Noticed Sigmund
  5594 | D:5      | Killed Pikel
  5595 | D:5      | Reached skill level 6 in Maces & Flails
  5595 | D:5      | Reached skill level 1 in Shields
  5595 | D:5      | Reached XP level 8. HP: 36/51 MP: 8/8
  5690 | D:6      | Found a staircase to the Ecumenical Temple.
  5705 | Temple   | Entered the Ecumenical Temple
  5847 | Temple   | Became a worshipper of the Shining One
  5847 | Temple   | Reached * piety under the Shining One
  5847 | Temple   | Reached ** piety under the Shining One
  5875 | D:6      | Reached skill level 7 in Maces & Flails
  6449 | D:7      | Reached XP level 9. HP: 51/56 MP: 9/9
  6509 | D:7      | Reached skill level 8 in Maces & Flails
  6669 | D:7      | Reached skill level 5 in Armour
  7335 | D:6      | Killed Sigmund
  7381 | D:6      | Reached skill level 9 in Maces & Flails
  7862 | D:6      | Upgraded the game from 0.30-a0-266-g2b27a225a3 to
                  | 0.30-a0-272-gf98c3da03f
  7949 | D:8      | Found a burning altar of Makhleb.
  7988 | D:8      | Found a basalt altar of Yredelemnul.
  7989 | D:8      | Found a sacrificial altar of Ru.
  7990 | D:8      | Found a stormy altar of Qazlal.
  7992 | D:8      | Found a hazy altar of Hepliaklqana.
  7992 | D:8      | Found an iron altar of Okawaru.
  7994 | D:8      | Found a shimmering blue altar of Sif Muna.
  8046 | D:8      | Found an ornate altar of the Wu Jian Council.
  8071 | D:8      | Reached XP level 10. HP: 57/63 MP: 10/10
  8199 | D:8      | Reached skill level 10 in Maces & Flails
  8897 | D:9      | Reached *** piety under the Shining One
  9972 | D:9      | Reached skill level 11 in Maces & Flails
 10430 | D:10     | Entered Level 10 of the Dungeon
 10637 | D:10     | Reached XP level 11. HP: 62/69 MP: 11/11
 10940 | D:10     | Reached skill level 12 in Maces & Flails
 11227 | D:10     | Found a glowing silver altar of Zin.
 11771 | D:11     | Found a staircase to the Lair.
 11870 | D:11     | Noticed a green ugly thing
 11887 | D:11     | Killed a green ugly thing
 11992 | D:11     | Noticed a two-headed ogre
 12025 | D:12     | Reached **** piety under the Shining One
 12355 | D:12     | Noticed a two-headed ogre
 12369 | D:12     | Killed a two-headed ogre
 12643 | D:12     | Noticed a brown ugly thing
 12665 | D:12     | Killed a brown ugly thing
 12857 | D:12     | Reached skill level 5 in Shields
 13621 | D:13     | Reached skill level 13 in Maces & Flails
 13636 | D:13     | Noticed an eight-headed hydra
 13670 | D:12     | Slain by an eight-headed hydra

Illustrated notes

Levels and vault maps discovered:
D:1:      scummos_arrival_star, layout_loops_ring
D:2:      layout_loops_ring, dreamdust_ecumenical_altar_drowned_temple,
          chequers_jeans, minmay_misc_feat_cross, nicolae_shop_vocational,
          uniq_robin
D:3:      layout_loops_ring, minmay_vboxes
D:4:      layout_layer_cave, xom_teletrap_fun, nicolae_take_the_stairs,
          minmay_crystal_room
D:5:      layout_basic
D:6:      layout_cave_pools, minmay_temple_entry_purple_smoke,
          serial_bayou_lagoon_b, uniq_sigmund, uniq_pikel
D:7:      layout_gridville
D:8:      layout_gridville, nicolae_overflow_hallway_of_the_gods,
          pdpol_wu_jian_five_deadly_venoms
D:9:      layout_roguey, serial_bayou, serial_bayou_pond_b,
          serial_bayou_shore_b, serial_bayou_shore_a, serial_bayou_pond_e,
          serial_park_tiny_pond
D:10:     minmay_goldmine, layout_cave_pools, serial_park, serial_park_gazebo
          [serial_park_minivault_5x5_4], serial_park_square2,
          serial_park_tiny_2, grunt_ministairs_13
D:11:     layout_gridville, dpeg_oklobed_lair, david_orc_3, serial_shops, shop,
          uniq_grum
D:12:     layout_basic, serial_bayou_ford_a, drop_trap
D:13:     layout_loops_corners, skrybe_vaults_entry_preservation,
          portal_ice_cave_entry_ice_simulacra, uniq_kirke, uniq_erolcha
Temple:   hellmonk_temple_forest_ring

Skill      XL: |  1  2  3  4  5  6  7  8  9 10 11 |
---------------+----------------------------------+-----
Maces & Flails | 4 5 6 7 9 11 13 | 13.0
Fighting       | 4 5 6 7 8 9 |  9.9
Dodging        | 3 4 |  4.8
Armour         | 1 2 4 5 6 8 |  8.3
Stealth        | 3 4 |  4.2
Shields        | 1 2 3 5 |  5.3

Action                   |  1- 3 |  4- 6 |  7- 9 | 10-12 || total
-------------------------+-------+-------+-------+-------++-------
Melee: Mace              |    37 |    44 |   177 |   338 ||   596
       Punch             |     1 |     1 |       |       ||     2
       Whip              |    71 |       |       |       ||    71
       Dagger            |    16 |   130 |       |       ||   146
  Use: Scroll            |       |     2 |       |     1 ||     3
       Potion            |       |     1 |     1 |     4 ||     6
 Stab: Sleeping          |     6 |     2 |     1 |       ||     9
Armor: Robe              |    50 |    18 |       |       ||    68
       Ring mail         |       |    32 |   118 |    26 ||   176
       Plate armour      |       |       |       |   264 ||   264
Dodge: Dodged            |    82 |   106 |   128 |   132 ||   448
Block: Buckler           |       |     8 |    34 |    20 ||    62
       Kite shield       |       |       |       |   126 ||   126

Table legend: (Time is in decaauts)
 A = Elapsed time spent in this place.
 B = Non-inter-level travel time spent in this place.
 C = Inter-level travel time spent in this place.
 D = Time resting spent in this place.
 E = Time spent auto-exploring this place.
 F = Levels seen in this place.
 G = Mean time per level.
                   A        B        C        D        E       F      G
               +--------+--------+--------+--------+--------+-----+--------+
         Total |  13748 |  13245 |    503 |   3218 |   7255 |  14 |  982.0 |
       Dungeon |  13590 |  13101 |    489 |   3218 |   7129 |  13 | 1045.4 |
        Temple |    157 |    143 |     14 |      0 |    126 |   1 |  157.0 |
               +--------+--------+--------+--------+--------+-----+--------+

Top non-repeatable levels by time:
     D:5: 1553 daAuts
     D:9: 1548 daAuts
    D:12: 1442 daAuts
     D:4: 1433 daAuts
     D:7: 1340 daAuts
    D:10: 1245 daAuts
     D:8: 1145 daAuts
     D:1: 1057 daAuts
     D:2: 917 daAuts
     D:3: 748 daAuts
     D:6: 686 daAuts
    D:11: 244 daAuts
    D:13: 228 daAuts
  Temple: 157 daAuts
